Map: Ruins of Endion

Players

Fropez - Winner!

  • Race: Protoss Protoss
  • League: Silver
  • Spawn Location: 7:00

LegoKunkka

  • Race: Protoss Protoss
  • Spawn Location: 5:00

VOD

Have the link to the VOD?

Description

Time

  • Played on: May 9, 2016, 8:28 p.m.
  • Length: 15:06
Show
View Real Time Build Order
Export as new Build Order

Fropez Protoss - Winner!

Build Orders:  

Get SALT Encoding   

  12  0:01  Probe (Chrono Boost)  
  13  0:16  Pylon  
  13  0:26  Probe (Chrono Boost)  
  14  0:31  Assimilator  
  14  0:40  Gateway  
  14  0:42  Probe (Chrono Boost)  
  15  0:56  Pylon  
  15  1:00  Probe (Chrono Boost)  
  16  1:09  Assimilator  
  16  1:16  Pylon  
  16  1:22  Probe (Chrono Boost)  
  16  1:30  Cybernetics Core  
  16  1:40  Pylon  
  16  1:46  Probe (Chrono Boost)  
  17  1:58  Probe (Chrono Boost)  
  20  2:08  Warp Gate (Chrono Boost)  
  20  2:09  Mothership Core (Chrono Boost)  
  20  2:17  Adept  
  22  2:27  Probe (Chrono Boost)  
  23  2:37  Probe (Chrono Boost)  
  24  2:44  Adept  
  26  2:52  Pylon  
  26  3:00  Probe (Chrono Boost)  
  27  3:11  Probe (Chrono Boost)  
  27  3:12  Robotics Facility  
  28  3:21  Probe  
  29  3:33  Probe  
  30  3:45  Gateway  
  30  3:48  Pylon, Gateway  
  30  3:49  Probe  
  31  4:01  Probe  
  30  4:10  Immortal (Chrono Boost)  
  34  4:24  Pylon  
  34  4:34  Zealot  
  36  4:49  Probe, Immortal (Chrono Boost)  
  39  5:01  Probe  
  40  5:13  Probe  
  39  5:24  Gateway x2  
  39  5:25  Probe  
  39  5:28  Observer (Chrono Boost)  
  41  5:43  Zealot x2  
  41  5:44  Zealot  
  41  5:46  Warp Prism (Chrono Boost)  
  47  6:13  Pylon  
  47  6:17  Nexus  
  45  6:24  Gateway  
  45  6:26  Zealot x2  
  47  6:40  Probe  
  48  6:52  Probe  
  49  6:56  Adept x5  
  59  7:04  Probe  
  60  7:51  Probe  
  60  7:52  Probe, Immortal (Chrono Boost)  
  62  8:06  Pylon  
  62  8:10  Probe, Assimilator  
  62  8:11  Probe  
  64  8:14  Assimilator  
  64  8:18  Pylon  
  64  8:21  Pylon  
  64  8:23  Forge  
  58  8:35  Probe  
  58  8:36  Probe  
  58  8:39  Immortal (Chrono Boost)  
  64  8:45  Stalker x4  
  64  8:48  Zealot  
  74  8:51  Probe  
  75  8:57  Protoss Ground Weapons Level 1 (Chrono Boost)  
  75  9:09  Probe x2  
  76  9:15  Observer  
  78  9:28  Zealot x3  
  78  9:29  Zealot x3  
  90  9:53  Probe  
  90  9:54  Probe  
  92  10:12  Probe  
  92  10:14  Probe  
  94  10:15  Twilight Council  
  86  11:17  Zealot  
  86  11:18  Zealot x5  
  96  11:19  Nexus  
  96  11:21  Assimilator  
  96  11:24  Immortal  
  102  11:26  Assimilator  
  102  11:29  Pylon  
  102  11:31  Pylon  
  102  11:34  Pylon  
  102  11:36  Pylon  
  102  11:53  Stalker x4  
  102  11:54  Stalker  
  112  12:03  Immortal  
  116  12:09  Protoss Ground Weapons Level 2 (Chrono Boost)  
  116  12:17  Forge, Gateway  
  116  12:20  Pylon  
  116  12:27  Probe, Photon Cannon  
  117  12:42  Pylon  
  117  12:45  Adept x3  
  123  12:54  Templar Archives  
  108  13:24  Zealot  
  108  13:25  Zealot x5  
  96  13:53  Zealot x2  
  96  13:54  Zealot x4  
  96  14:16  Immortal  
  90  14:35  High Templar x2  
  90  14:36  High Templar x4  
  98  14:39  Archon  
  98  14:40  Archon x2  
Show
View Real Time Build Order
Export as new Build Order

LegoKunkka Protoss 

Build Orders:  

Get SALT Encoding   

  12  0:01  Probe (Chrono Boost)  
  13  0:11  Probe (Chrono Boost)  
  14  0:19  Pylon  
  14  0:25  Probe (Chrono Boost)  
  15  0:50  Gateway  
  15  0:51  Gateway  
  15  0:52  Probe (Chrono Boost)  
  16  1:10  Assimilator  
  16  1:13  Probe (Chrono Boost)  
  17  1:31  Forge  
  17  1:33  Pylon  
  17  1:37  Zealot  
  17  1:39  Zealot  
  21  1:42  Probe (Chrono Boost)  
  22  1:55  Cybernetics Core  
  22  2:06  Photon Cannon  
  22  2:17  Probe (Chrono Boost)  
  23  2:23  Zealot  
  23  2:24  Zealot  
  27  2:34  Probe (Chrono Boost)  
  28  2:48  Assimilator  
  28  2:51  Stalker  
  26  3:03  Stalker  
  28  3:11  Probe (Chrono Boost)  
  29  3:21  Stalker  
  29  3:22  Pylon  
  31  3:40  Probe (Chrono Boost)  
  32  3:45  Twilight Council  
  32  3:51  Probe (Chrono Boost), Photon Cannon  
  33  3:55  Pylon  
  33  4:01  Probe (Chrono Boost)  
  34  4:15  Stalker x2  
  36  4:45  Stalker, Zealot  
  36  5:12  Zealot  
  38  5:15  Zealot  
  38  5:17  Nexus  
  40  5:29  Photon Cannon  
  40  5:39  Stalker  
  40  5:42  Zealot  
  38  6:09  Stalker  
  36  6:30  Probe (Chrono Boost)  
  35  6:36  Gateway  
  35  6:39  Charge, Gateway, Zealot  
  37  6:41  Probe (Chrono Boost)  
  37  6:42  Stalker  
  40  6:52  Probe (Chrono Boost)  
  40  6:53  Templar Archives  
  41  7:02  Probe (Chrono Boost), Photon Cannon  
  41  7:06  Stalker  
  41  7:07  Photon Cannon, Warp Gate  
  44  7:13  Probe (Chrono Boost)  
  45  7:23  Probe (Chrono Boost)  
  42  7:55  Probe (Chrono Boost)  
  42  7:58  Stalker x3  
  50  8:05  Probe (Chrono Boost)  
  50  8:14  Probe (Chrono Boost)  
  50  8:18  Assimilator  
  50  8:19  Resonating Glaives  
  51  8:23  Assimilator  
  51  8:24  Probe (Chrono Boost)  
  51  8:25  Pylon  
  51  8:28  Stalker  
  51  8:29  High Templar, Pylon  
  52  8:44  High Templar  
  54  8:56  Probe (Chrono Boost)  
  54  8:58  High Templar  
  57  9:07  Probe (Chrono Boost), Protoss Ground Weapons Level 1  
  58  9:20  Probe (Chrono Boost)  
  59  9:26  Photon Cannon  
  59  9:30  Probe (Chrono Boost)  
  60  9:32  Photon Cannon  
  60  9:36  High Templar x2  
  64  9:40  Archon x2  
  64  9:41  Probe (Chrono Boost)  
  65  9:51  Probe (Chrono Boost)  
  66  9:58  High Templar  
  68  10:02  Probe (Chrono Boost)  
  68  10:03  Archon  
  68  10:06  Zealot  
  71  10:10  Zealot  
  71  10:12  Probe (Chrono Boost), Zealot  
  76  10:23  Probe (Chrono Boost)  
  75  10:32  Zealot  
  75  10:33  Probe (Chrono Boost)  
  74  10:58  Pylon  
  74  11:00  Pylon  
  74  11:02  Pylon  
  74  11:05  Pylon  
  74  11:06  Pylon, Blink  
  74  11:10  Pylon  
  74  11:13  Pylon  
  74  11:15  Pylon  
  74  11:16  Pylon  
  74  11:19  Probe (Chrono Boost)  
  74  11:20  Pylon  
  75  11:29  Probe (Chrono Boost)  
  76  11:34  Dark Shrine  
  76  11:37  Protoss Air Armor Level 1  
  76  11:41  Gateway  
  76  11:43  Gateway  
  76  11:45  Gateway  
  76  11:51  Zealot  
  76  11:53  Zealot  
  80  11:55  Zealot  
  80  11:57  Zealot  
  84  12:23  Pylon  
  84  12:26  Pylon  
  84  12:38  Protoss Ground Weapons Level 2  
  84  12:46  Gateway  
  84  12:55  Stalker x2  
  84  12:56  Stalker  
  84  12:58  Stalker  
  92  12:59  Stalker  
  92  13:01  Stalker  
  82  13:21  Zealot  
  82  13:22  Zealot  
  82  13:23  Zealot  
  82  13:24  Zealot  
  82  13:25  Zealot  
  82  13:26  Zealot  
  94  13:28  Zealot  
  58  13:59  Stalker  
  58  14:00  Stalker  
  58  14:02  Stalker  
  64  14:04  Stalker  
  64  14:05  Stalker  
  67  14:17  Zealot  
  57  14:25  Zealot  
  57  14:26  Zealot  
  57  14:27  Zealot  
  49  14:39  Zealot  
  49  14:40  Zealot  
Tags
 
League
Silver
Matchup
PvP
Replay Pack
All Mines
Spawn Locations
Close Positions
Add a new tag
Caveats
  • Supply blocks, unpowered buildings, or Contaminate may cause inaccurate times.
  • Supply counts are checked every 10 seconds.